 Dungeon Crawl Stone Soup version 0.31-a0-1581-g41d5ff3e7b (webtiles) character file.

Game seed: 113446702013523122

1877409 Ge0ff the Vampiric Disaster (level 27, 192/276 HPs)
             Began as a Vampire Shapeshifter on Jan 5, 2024.
             Was a Believer of Qazlal.
             Escaped with the Orb
             ... and 3 runes
             ... and 2 gems on Jan 6, 2024!
             The game lasted 03:39:54 (75504 turns).

Ge0ff the Vampiric Disaster (Vampire Shapeshifter) Turns: 75504, Time: 03:39:54

Health: 192/276    AC: 39    Str: 23    XL:     27
Magic:  33/37      EV: 30    Int: 17    God:    Qazlal [**....]
Gold:   7590       SH: 23    Dex: 25    Spells: 7/40 levels left

rFire   + .          .
                       - Unarmed
rCold   + . .        Q - +5 Storm Queen's Shield {shock, Fly rElec}
rNeg    + . .        (body armour currently unavailable)
rPois   ∞            r - +2 hat {Int+3}
rElec   +            w - +1 cloak of Temperance {*Slow rC+ rCorr Dex+8}
rCorr   +            (gloves currently unavailable)
SInv    +            b - melded +2 pair of boots {Fly}
Will    ++++.        x - amulet of Vitality {RegenMP++ Regen++}
Stlth   +            e - ring "Tozeutyu" {rC- Will+ AC+4 Slay+2 SInv, =R}
HPRegen 0.86/turn    a - ring "Iclia" {Wiz rF+ rC+ Dex+3 Stlth+}
MPRegen 0.25/turn

%: slow self (1%), wizardry (x1)
@: statue-form, flying, healing quickly, hasted, glowing
A: slow and powerful, torment resistance 1, boosted hp, alive, fangs 3, see
invisible, vampiric 2, claws 1, clumsy 1, strong-willed 1, poison resistance,
subdued magic 1, inability to drink after injury 1
0: Orb of Zot
}: 3/15 runes: serpentine, barnacled, silver
a: Exsanguinate, Begin Untransformation, Renounce Religion, Upheaval


You escaped.
You worshipped Qazlal.
Qazlal was pleased with you.
You were a living statue of rough stone.
You visited 11 branches of the dungeon, and saw 51 of its levels.
You visited 1 bazaar.
You also visited: Ice Cave, Volcano, Wizlab and Desolation.

You collected 21035 gold pieces.
You spent 7227 gold pieces at shops.
You paid 6218 gold pieces to Gozag.

Inventory:

Missiles
 g - 5 throwing nets {=F}
 i - 11 silver javelins
 t - 15 datura-tipped darts {=F}
 v - 19 curare-tipped darts {=F}
 D - 7 javelins
 Y - 18 boomerangs
Armour
 b - a +2 pair of boots of flying (melded)
 r - a +2 hat of intelligence (worn)
 w - the +1 cloak of Temperance (worn) {*Slow rC+ rCorr Dex+8}
   (You bought it in a shop on level 1 of the Orcish Mines)

   Dex+8:     It affects your dexterity (+8).
   rC+:       It protects you from cold.
   rCorr:     It protects you from acid and corrosion.
   *Slow:     It may slow you when you take damage.
 Q - the +5 Storm Queen's Shield (worn) {shock, Fly rElec}
   (You acquired it on level 12 of the Dungeon)

   Shock:     When it blocks an attack, it may electrocute the attacker.
   This works even against foes who are a short distance away.
   rElec:     It insulates you from electricity.
   Fly:       It grants you flight.
Jewellery
 a - the ring "Iclia" (right claw) {Wiz rF+ rC+ Dex+3 Stlth+}
   (You took it off a deep elf master archer on level 3 of the Elven Halls)

   [ring of wizardry]

   Wiz:       It improves your spell success rate.
   Dex+3:     It affects your dexterity (+3).
   rF+:       It protects you from fire.
   rC+:       It protects you from cold.
   Stlth+:    It makes you more stealthy.
 e - the ring "Tozeutyu" (left claw) {rC- Will+ AC+4 Slay+2 SInv, =R}
   (You took it off a deep elf sorcerer on level 3 of the Elven Halls)

   [ring of protection]

   AC+4:      It affects your AC (+4).
   Slay+2:    It affects your accuracy & damage with ranged weapons and melee
   (+2).
   rC-:       It makes you vulnerable to cold.
   Will+:     It increases your willpower.
   SInv:      It lets you see invisible.
 h - an amulet of faith
 x - the amulet of Vitality (around neck) {RegenMP++ Regen++}
   (You took it off a deep elf blademaster on level 3 of the Elven Halls)

   [amulet of magic regeneration]

   RegenMP:   It increases your rate of magic regeneration.
   Regen++:   It increases your rate of health regeneration.
 J - the amulet of Butt {Acrobat Will- rCorr Dex+3}
   (You took it off a spriggan air mage on level 3 of the Depths)

   [amulet of the acrobat]

   Acrobat:   It increases your evasion while moving and waiting.
   Dex+3:     It affects your dexterity (+3).
   Will-:     It decreases your willpower.
   rCorr:     It protects you from acid and corrosion.
Talismans
 G - a granite talisman (active)
Wands
 f - a wand of flame (50)
 j - a wand of light (9)
 k - a wand of iceblast (53)
 p - a wand of paralysis (46)
 s - a wand of mindburst (51)
 P - a wand of polymorph (24)
Scrolls
 m - 3 scrolls of revelation
 y - 4 scrolls of immolation
 B - 6 scrolls of blinking
 C - 2 scrolls of poison
 E - 10 scrolls of fear
 F - 7 scrolls of fog
 S - 2 scrolls of butterflies
 T - 12 scrolls of teleportation
 V - 4 scrolls of vulnerability
Potions
 o - 6 potions of ambrosia
 q - 34 potions of curing
 u - 4 potions of mutation {!q}
 z - 9 potions of brilliance
 A - 3 potions of attraction
 H - 2 potions of haste {!q}
 I - a potion of invisibility
 K - 7 potions of magic {!q}
 L - 7 potions of lignification
 M - a potion of might
 N - 4 potions of cancellation {!q}
 R - 2 potions of resistance
 W - 11 potions of heal wounds {!q}
 X - 12 potions of enlightenment
 Z - a potion of berserk rage {!q}
Miscellaneous
 c - a condenser vane
 l - a lightning rod (4/4)
 n - a phial of floods
 O - a box of beasts
 U - a phantom mirror


   Skills:
 + Level 16.6 Fighting
 - Level 6.0 Throwing
 - Level 20.0 Dodging
 - Level 3.0 Stealth
 - Level 15.0 Shields
 - Level 20.0 Unarmed Combat
 - Level 7.0 Spellcasting
 - Level 10.0 Conjurations
 - Level 7.0 Hexes
 - Level 7.0 Summonings
 - Level 7.0 Translocations
 - Level 7.0 Fire Magic
 - Level 9.0 Air Magic
 - Level 10.0 Earth Magic
 - Level 12.0 Alchemy
 - Level 20.1 Invocations
 - Level 15.0 Evocations
 - Level 20.0 Shapeshifting


You had 7 spell levels left.
You knew the following spells:

 Your Spells              Type           Power      Damage    Failure   Level
d - Iskenderun's Mystic   Conj/Tloc      26%        2d7       1%          4
f - Summon Blazeheart Go  Fire/Summ      22%        N/A       3%          4
g - Apportation           Tloc           44%        N/A       1%          1
h - Lee's Rapid Deconstr  Erth           15%        3d10*     2%          5
w - Passwall              Erth           30%        N/A       1%          3
y - Yara's Violent Unrav  Hex/Alch       14%        3d7       3%          5
B - Blink                 Tloc           44%        N/A       1%          2
C - Vhi's Electric Charg  Tloc/Air       50%        N/A       1%          4
E - Irradiate             Conj/Alch      16%        3d17      1%          5

Your spell library contained the following spells:

 Spells                   Type           Power      Damage    Failure   Level
 Foxfire                  Conj/Fire      100%       2x1d9     1%          1
 Magic Dart               Conj           100%       1d8       1%          1
 Sandblast                Erth           60%        2d14      1%          1
 Sting                    Conj/Alch      100%       1d9       1%          1
 Summon Small Mammal      Summ           88%        N/A       1%          1
 Call Imp                 Summ           44%        N/A       1%          2
 Cigotuvi's Dreadful Rot  Necr/Alch/Air  44%        N/A       1%          2
 Ensorcelled Hibernation  Hex/Ice        26%        N/A       1%          2
 Jinxbite                 Hex            44%        N/A       1%          2
 Lesser Beckoning         Tloc           44%        N/A       1%          2
 Mercury Vapours          Alch/Air       64%        N/A       1%          2
 Momentum Strike          Conj/Tloc      52%        3d9       1%          2
 Searing Ray              Conj           60%        2d6       1%          2
 Static Discharge         Conj/Air       58%        3-6/arc   1%          2
 Call Canine Familiar     Summ           22%        N/A       1%          3
 Dazzling Flash           Conj/Hex       52%        N/A       1%          3
 Gell's Gravitas          Tloc           22%        N/A       1%          3
 Hailstorm                Conj/Ice       17%        3d6       1%          3
 Inner Flame              Hex/Fire       22%        N/A       1%          3
 Sigil of Binding         Hex            22%        N/A       1%          3
 Stone Arrow              Conj/Erth      60%        3d10      1%          3
 Swiftness                Air            28%        N/A       1%          3
 Teleport Other           Tloc           22%        N/A       1%          3
 Tukima's Dance           Hex            22%        N/A       1%          3
 Volatile Blastmotes      Fire/Tloc      44%        2d13      1%          3
 Animate Armour           Summ/Erth      52%        N/A       1%          4
 Brom's Barrelling Bould  Conj/Erth      30%        2d5       1%          4
 Flame Wave               Conj/Fire      26%        2d8       1%          4
 Fulminant Prism          Conj/Alch      16%        3d10      1%          4
 Ignite Poison            Fire/Alch      29%        N/A       1%          4
 Leda's Liquefaction      Alch/Erth      16%        N/A       1%          4
 Olgreb's Toxic Radiance  Alch           35%        N/A       1%          4
 Petrify                  Alch/Erth      33%        N/A       1%          4
 Sticky Flame             Fire/Alch      29%        2d7       1%          4
 Summon Lightning Spire   Summ/Air       25%        N/A       1%          4
 Alistair's Intoxication  Alch           23%        N/A       1%          5
 Iskenderun's Battlesphe  Conj           30%        2d8       2%          5
 Cause Fear               Hex            11%        N/A       3%          4
 Dimensional Bullseye     Hex/Tloc       11%        N/A       3%          4
 Manifold Assault         Tloc           22%        N/A       3%          4
 Passage of Golubria      Tloc           22%        N/A       3%          4
 Arcjolt                  Conj/Air       14%        1d24      3%          5
 Summon Ice Beast         Ice/Summ       13%        N/A       4%          3
 Fireball                 Conj/Fire      13%        3d7       4%          5
 Freeze                   Ice            16%        1d4       6%          1
 Necrotise                Necr           16%        1d4       6%          1
 Silence                  Hex/Air        12%        N/A       6%          5
 Eringya's Noxious Bog    Alch           17%        4d6       6%          6
 Summon Mana Viper        Hex/Summ       22%        N/A       9%          5
 Freezing Cloud           Conj/Ice/Air   10%        6-21      12%         5
 Anguish                  Hex/Necr       6%         N/A       13%         4
 Martyr's Knell           Necr/Summ      13%        N/A       13%         4
 Bombard                  Conj/Erth      15%        9d3       14%         6
 Frozen Ramparts          Ice            8%         1d2       17%         3
 Fugue of the Fallen      Necr           4%         N/A       17%         3
 Ozocubu's Armour         Ice            4%         N/A       17%         3
 Vampiric Draining        Necr           4%         2d6       17%         3
 Conjure Ball Lightning   Conj/Air       14%        3x3d6     17%         6
 Borgnjor's Vile Clutch   Necr/Erth      8%         N/A       21%         5
 Starburst                Conj/Fire      13%        6d5       26%         6
 Plasma Beam              Fire/Air       12%        2x1d23    32%         6
 Metabolic Englaciation   Hex/Ice        6%         N/A       36%         5
 Dispersal                Tloc           11%        N/A       45%         6
 Animate Dead             Necr           4%         N/A       50%         4
 Dispel Undead            Necr           4%         3d7       50%         4
 Sculpt Simulacrum        Ice/Alch       10%        N/A       58%         6
 Orb of Destruction       Conj           15%        9d7       61%         7
 Spellforged Servitor     Conj/Summ      13%        N/A       82%         7
 Curse of Agony           Necr           4%         N/A       83%         5
 Enfeeble                 Hex            11%        N/A       95%         7
 Malign Gateway           Summ/Tloc      11%        N/A       95%         7
 Monstrous Menagerie      Summ           11%        N/A       95%         7
 Death Channel            Necr           2%         N/A       100%        6
 Ozocubu's Refrigeration  Ice            2%         4d7       100%        7
 Lehudib's Crystal Spear  Conj/Erth      15%        10d5      99%         8
 Discord                  Hex            11%        N/A       100%        8
 Disjunction              Tloc           11%        N/A       100%        8
 Ignition                 Fire           11%        3d5       100%        8
 Infestation              Necr           2%         N/A       100%        8
 Maxwell's Capacitive Co  Air            14%        ∞         100%        8
 Summon Horrible Things   Summ           11%        N/A       100%        8
 Chain Lightning          Conj/Air       14%        3d19      100%        9
 Dragon's Call            Summ           11%        N/A       100%        9
 Fire Storm               Conj/Fire      13%        8d3       100%        9
 Polar Vortex             Ice            2%         N/A       100%        9
 Shatter                  Erth           15%        3d15*     100%        9


Dungeon Overview and Level Annotations

Branches:
Dungeon (15/15)            Temple (1/1) D:5            Lair (5/5) D:11
 Shoals (4/4) Lair:3        Snake (4/4) Lair:2        Slime (0/5) Lair:4
    Orc (2/2) D:9             Elf (3/3) Orc:2        Vaults (5/5) D:13
  Crypt (3/3) Vaults:3       Tomb (0/3) Crypt:3      Depths (4/4) D:15
    Zot (5/5) Depths:4      IceCv (visited)         Volcano (visited)
 WizLab (visited)         Desolation (visited)

Altars:
Ashenzari
Cheibriados
Dithmenos
Fedhas
Gozag
Hepliaklqana
Kikubaaqudgha
Makhleb
Nemelex Xobeh
Okawaru
Qazlal
Ru
Sif Muna
Trog
Uskayaw
Vehumet
Wu Jian
Xom
Yredelemnul
Jiyva

Shops:
D:4 (   D:12 :?**(   Orc:1 [   Orc:2 *[[*   Elf:2 (   Shoals:1 (([*(
Shoals:2 (   Snake:1 *=   Vaults:1 [   Vaults:4 [   Vaults:5 !   Depths:4 =

Portals:
Hell: Depths:1 Depths:2 Depths:3 Depths:4
Abyss: Depths:1 Depths:3
Pandemonium: Depths:2
Ziggurat: Depths:1

Annotations:
D:14 3 runed translucent doors, exclusion: 3 doors, Ybissid's ghost, adept DjCj
Zot:3 2 transporters, exclusion: orange crystal statue, Qebu's ghost, legendary GrFi; Uqizxu's ghost, master OnFi


Innate Abilities, Weirdness & Mutations

You are a living statue of rough stone.
Your actions are slow, but your melee attacks are powerful.
You are resistant to unholy torment.
Your maximum health is greatly increased.
Your equipment is partially melded.
Your natural rate of healing is accelerated.
You have razor-sharp teeth.
You have supernaturally acute eyesight. (SInv)
You are afflicted with vampirism and can become a bat while bloodless.
You have sharp fingernails.
You are clumsy. (Dex -2)
You are strong-willed. (Will+)
Your system is resistant to poisons. (rPois)
Your spells are a little easier to cast, but a little less powerful.
You occasionally lose the ability to drink potions when taking damage.


Message History

The orange demon is almost dead.
You block the orange demon's attack. x2
You mangle the orange demon!!
You kill the orange demon!
Qazlal accepts your kill.
You feel yourself slow down.
You feel your willpower return.
There is a staircase leading out of the dungeon here.
Okay, then.
Unknown command.
You feel yourself speed up.
You start putting on your amulet.
You continue putting on your amulet of faith. x5
You finish putting on your amulet of faith.
You feel a surge of divine interest.
h - an amulet of faith (around neck)
You start removing your amulet.
You continue taking off your amulet of faith. x3
The daeva calls down the wrath of the Shining One upon you.
The Shining One smites you!
You continue taking off your amulet of faith.
The daeva calls down the wrath of the Shining One upon you.
The Shining One smites you!
You finish taking off your amulet of faith.
Qazlal seems less interested in you.
You feel less pious.
You can no longer give life to nearby clouds.
You start putting on your amulet.
You continue putting on the amulet of Vitality {RegenMP++ Regen++}. x3
The daeva calls down the wrath of the Shining One upon you.
The Shining One smites you!
You continue putting on the amulet of Vitality {RegenMP++ Regen++}. x2
The daeva misses you. You block the daeva's attack.
Your shield discharges, shocking the daeva!
You finish putting on the amulet of Vitality {RegenMP++ Regen++}.
The amulet cannot attune itself to your exhausted body.
The amulet of Vitality cannot attune itself to your injured body.
x - the amulet of Vitality (around neck) {RegenMP++ Regen++} The daeva blocks your attack.
The daeva is lightly wounded.
You block the daeva's attack.
Your shield discharges, shocking the daeva!
The daeva completely misses you.
You eviscerate the daeva!!!
The daeva is heavily wounded.
The daeva hits you with a +3 scimitar of holy wrath!
You convulse!
The daeva hits you with a +3 scimitar of holy wrath.
You convulse.
The daeva barely misses you. You block the daeva's attack.
You have escaped!

...#.### #)# #.#.###
...†...###### #.# #.#.#
.....#......### #.## #...#
....#######...########..###...###
....# ###.†............)#...#
...## #######.###.#######.# ...#
###.############.. #..#
#................. #.##
##8A..##...##.....# #.#
##.................# #)##
##.################..
...##########.#########.........#
..............................###
.....##########################
.....# .....# ....##


You could see a daeva.

Vanquished Creatures
  Frederick (Crypt:3)
  7 dread liches
  3 orbs of fire
  An ancient lich (Crypt:3)
  2 juggernauts
  A pandemonium lord (D:15)
  Josephina (Depths:2)
  Vv (Zot:1)
  The ghost of Adaxemni the Impregnable, a legendary GrFi of Qazlal (Zot:1)
  Boris (Depths:3)
  2 antique champions (WizLab)
  10 Killer Klowns
  Saint Roka (Snake:2)
  Margery (Vaults:3)
  4 caustic shrikes (Depths:3)
  Vashnia (Snake:2)
  3 curse toes
  Nikola (Snake:4)
  14 golden dragons
  3 bone dragons (Depths:4)
  3 doom hounds (Depths:4)
  A Brimstone Fiend (Depths:1)
  2 Tzitzimimeh
  4 electric golems
  23 tentacled monstrosities
  2 Hell Sentinels
  A walking earthen tome (Depths:2)
  2 Ice Fiends
  13 titans
  12 liches
  Grunn (Zot:1)
  11 quicksilver dragons
  A walking frostbound tome (Depths:3)
  3 deep elf blademasters
  26 Orb Guardians
  Gastronok (D:8)
  7 sphinxes
  3 ancient champions
  3 krakens
  A searing wretch (Vaults:2)
  3 Executioners
  The ghost of Paylapli the Earth Mage, an adept GrEE of Vehumet (Snake:4)
  Frances (Shoals:2)
  2 deep elf master archers (Elf:3)
  10 death cobs
  6 tengu reavers
  14 shadow dragons
  24 storm dragons
  18 fire giants
  8 draconian monks
  A revenant (Crypt:2)
  10 protean progenitors
  13 draconian shifters
  7 draconian knights
  14 frost giants
  3 iron dragons
  5 draconian scorchers
  17 vault wardens
  2 ghost moths
  2 imperial myrmidons (Desolation)
  7 deep elf sorcerers
  6 deep elf elementalists
  Louise (Snake:1)
  3 curse skulls
  5 balrugs
  2 ghouls (WizLab)
  14 ironbound preservers
  2 cacodemons
  2 caustic shrike zombies (Crypt:3)
  12 draconian stormcallers
  A juggernaut zombie (Crypt:3)
  4 orc warlords
  2 broodmothers (Zot:1)
  29 stone giants
  6 reapers
  8 ironbound thunderhulks
  10 draconian annihilators
  A caustic shrike skeleton (Crypt:1)
  4 formless jellyfish
  6 spriggan defenders
  14 green draconians
  22 very ugly things
  A putrid mouth (Depths:4)
  7 deep elf annihilators
  18 vampire knights
  9 deep elf death magi
  12 black draconians
  5 deep elf demonologists
  2 halazid warlocks (Desolation)
  9 spark wasps
  3 war gargoyles
  14 purple draconians
  7 white draconians
  12 red draconians
  17 yellow draconians
  11 eidola
  6 merfolk javelineers
  17 ettins
  11 fire dragons
  A mummy priest (Crypt:3)
  A green death (Depths:3)
  An entropy weaver (shapeshifter) (Depths:3)
  10 merfolk impalers
  8 blizzard demons
  3 crystal guardians
  6 deep elf high priests
  10 jiangshi
  5 ragged hierophants (Desolation)
  2 spriggan skeletons (Crypt:3)
  35 vault guards
  4 spriggan zombies
  11 yaktaur captains
  6 great orbs of eyes
  A hell beast (D:15)
  4 rakshasas
  4 salamander tyrants (Snake:4)
  8 ice dragons
  12 peacekeepers
  8 ironbound frosthearts
  2 caustic shrike simulacra
  4 servants of whispers (Desolation)
  An Orb Guardian zombie (Crypt:2)
  8 boulder beetles
  A death knight (Crypt:2)
  An ogre mage (Vaults:5)
  6 hydras
  2 juggernaut simulacra
  6 merfolk avatars
  3 anacondas (shapeshifter)
  7 centaur warriors
  12 spriggan air magi
  18 two-headed ogres
  15 anacondas
  3 catoblepae
  A merfolk aquamancer (Shoals:4)
  The ghost of kuniqs the Mimic, a journeyman OpSh of Gozag (D:11)
  The ghost of nitefall the Basher, a novice MiBe of Trog (D:10)
  5 alligator snapping turtles
  3 satyrs
  25 dancing weapons
  9 deep troll shamans
  5 tengu warriors
  A hell hog (Depths:4)
  16 naga warriors
  2 shock serpents (Snake:4)
  7 death yaks
  3 deep troll earth magi
  10 hell knights
  An occultist (Depths:1)
  A demonic crawler (Zot:2)
  19 naga sharpshooters
  3 soul eaters
  9 vampire magi
  A storm dragon zombie (WizLab)
  5 orc high priests (Orc:2)
  7 spriggan berserkers
  2 titan zombies
  15 deep elf knights
  A sun demon (Volcano)
  16 skeletal warriors
  A shadow wraith (Crypt:2)
  A skyshark (shapeshifter) (Depths:3)
  5 skysharks
  4 salamander mystics (Snake:4)
  5 flayed ghosts
  2 sea snakes (shapeshifter)
  A storm dragon skeleton (WizLab)
  3 iron trolls
  18 sea snakes
  4 glowing orange brains
  2 sixfirhies
  7 naga ritualists
  A deep troll (shapeshifter) (Depths:3)
  3 mana vipers (shapeshifter)
  A spriggan simulacrum (IceCv)
  8 lindwurms
  A swamp dragon (Zot:4)
  18 ironbound convokers
  2 obsidian statues (IceCv)
  11 deep elf archers
  2 arcanists (Vaults:3)
  40 deep trolls
  Pikel (D:7)
  2 shadow dragon zombies (Crypt:3)
  13 phantasmal warriors
  A bog body (IceCv)
  25 deep elf zephyrmancers
  A golden dragon zombie (Crypt:3)
  13 mana vipers
  23 harpies
  A fire giant zombie (Crypt:2)
  4 orc sorcerers
  30 deep elf pyromancers
  15 orc knights
  15 necromancers
  4 oklob plants
  A salamander (shapeshifter) (Depths:3)
  2 shadow dragon skeletons (Crypt:1)
  34 ugly things
  19 fauns
  A goliath frog skeleton (Crypt:2)
  16 salamanders
  A stone giant zombie (WizLab)
  21 manticores
  6 cyclopes
  33 moths of wrath
  2 dire elephant zombies (Crypt:3)
  28 black mambas
  10 elephants
  Joseph (Lair:1)
  14 merfolk sirens
  A stone giant skeleton (Crypt:3)
  6 water nymphs
  10 guardian serpents
  15 naga magi
  2 water nymphs (shapeshifter) (Vaults:5)
  A centaur zombie (Crypt:3)
  A smoke demon (Depths:4)
  6 meliai
  A titan simulacrum (Depths:2)
  17 cane toads
  2 molten gargoyles (Desolation)
  An alligator snapping turtle zombie (Crypt:2)
  20 vault sentinels
  A cane toad (shapeshifter) (D:14)
  3 orange demons
  2 storm dragon simulacra
  3 torpor snails
  A dire elephant skeleton (Crypt:3)
  A hellion (D:8)
  A naga skeleton (Crypt:1)
  A gargoyle (D:11)
  A kobold demonologist (D:9)
  8 komodo dragons
  4 efreet
  An unseen horror (D:6)
  20 yaktaurs
  10 freezing wraiths
  A catoblepas skeleton (Crypt:1)
  An ice devil (D:8)
  2 red devils
  A guardian mummy (Crypt:3)
  8 golden dragon simulacra
  2 harpy zombies (Crypt:3)
  29 merfolk
  8 tengu conjurers
  A merfolk (shapeshifter) (Depths:2)
  7 wind drakes
  3 polar bears
  10 trolls
  7 hornets
  An alligator simulacrum (IceCv)
  13 hellwings (Crypt:3)
  12 blink frogs
  A harpy skeleton (Crypt:3)
  A tarantella (shapeshifter) (Vaults:5)
  8 glass eyes
  2 nameless horrors
  42 saltlings (Desolation)
  15 snapping turtles
  2 ettin zombies
  A centaur simulacrum (D:15)
  13 slime creatures
  A spriggan (shapeshifter) (Elf:2)
  A black mamba zombie (Crypt:1)
  4 shadows
  2 jumping spiders (Crypt:3)
  4 spriggans
  Sigmund (D:2)
  2 ynoxinuls
  5 vampires
  8 water elementals
  14 wraiths
  5 wyverns
  A golden eye (Lair:5)
  5 fire elementals
  An ushabti (Crypt:3)
  3 basilisks
  6 wargs
  40 yaks
  A basilisk (shapeshifter) (Depths:3)
  2 neqoxecs
  2 death yak simulacra (D:13)
  A demonspawn zombie (Crypt:1)
  3 redbacks (Crypt:3)
  6 vampire mosquitoes
  A minotaur simulacrum (IceCv)
  32 nagas
  A deep troll zombie (WizLab)
  3 swamp worms (Zot:4)
  3 acid dragons
  A merfolk zombie (Crypt:2)
  Duvessa (D:7)
  4 two-headed ogre zombies
  7 hydra simulacra
  12 water moccasins
  6 hell hounds
  46 orc warriors
  3 black bears
  A dream sheep zombie (Crypt:1)
  6 ice beasts
  A sky beast (D:7)
  A black bear (shapeshifter) (D:14)
  3 ettin simulacra (IceCv)
  14 ogres
  A lindwurm zombie (Crypt:1)
  19 wolves
  11 centaurs
  3 kobold brigands
  A lemure (D:7)
  4 phantoms
  2 gnoll sergeants
  12 bullfrogs
  5 earth elementals
  4 scorpions
  A deep troll simulacrum (IceCv)
  12 wights
  7 wyvern skeletons (Crypt:3)
  Dowan (D:7)
  3 killer bees
  2 elephant simulacra (D:13)
  A howler monkey (D:9)
  9 electric eels
  2 lava snakes (Lair:2)
  5 bombardier beetles
  A hound (D:5)
  A gnoll bouda (D:9)
  2 jellies
  36 orc priests
  A sleepcap (D:4)
  Jessica (D:1)
  5 iguanas
  21 orc wizards
  7 hell rats (Lair:2)
  A mummy (Crypt:3)
  Robin (D:2)
  9 gnolls
  11 adders
  A shadow imp (D:7)
  2 white imps
  3 hell rat simulacra (D:13)
  An ufetubus (D:15)
  4 dart slugs
  6 ribbon worms
  118 orcs
  3 bats
  9 endoplasms
  A giant cockroach (D:4)
  24 goblins
  5 hobgoblins
  A hobgoblin (shapeshifter) (D:11)
  9 jackals
  4 quokkas
  5 ball pythons
  8 frilled lizards
  19 kobolds
  13 rats
  A river rat skeleton (Crypt:1)
  6 tentacles
2577 creatures vanquished.

Vanquished Creatures (collateral kills)
  A tentacled monstrosity (Zot:3)
  An Orb Guardian (Zot:5)
  A nagaraja (Snake:4)
  A frost giant (Depths:2)
  2 draconian scorchers
  A ghost moth (Zot:4)
  A very ugly thing (Depths:2)
  A deep elf high priest (Vaults:3)
  A fire dragon (Depths:4)
  3 servants of whispers (Desolation)
  3 vault guards (Vaults:5)
  Erica (D:11)
  A death yak (Lair:5)
  A naga warrior (Snake:1)
  A harpy (Shoals:4)
  3 ironbound convokers (Desolation)
  An ugly thing (Depths:2)
  2 elephants (Lair:5)
  2 saltlings (Desolation)
  A spriggan (Depths:4)
  A water moccasin (Lair:5)
  A black bear (Lair:5)
  A laughing skull (D:11)
  An orc (shapeshifter) (D:11)
33 creatures vanquished.

Vanquished Creatures (others)
  A death cob (Zot:1)
  A purple draconian (Zot:4)
  A war gargoyle (Vaults:4)
  A merfolk impaler (Shoals:2)
  A two-headed ogre (Zot:2)
  A spriggan berserker (Depths:3)
  4 deep elf knights
  A deep elf archer (Elf:3)
  2 deep elf zephyrmancers
  4 black mambas (Snake:4)
  A naga (Snake:4)
  A boggart (Vaults:3)
  A wyvern skeleton (Crypt:3)
  An orc wizard (D:11)
  6 blazeheart cores
  12 tentacles
39 creatures vanquished.

Grand Total: 2649 creatures vanquished

Notes
Turn   | Place    | Note
-------+----------+-------------------------------------------
     0 | D:1      | Ge0ff the Vampire Shapeshifter began the quest for the Orb.
     0 | D:1      | Reached XP level 1. HP: 14/14 MP: 1/1
    43 | D:1      | Reached skill level 1 in Stealth
    63 | D:1      | Reached skill level 1 in Fighting
   130 | D:1      | Reached XP level 2. HP: 21/21 MP: 2/2
   307 | D:1      | Found a faded altar of an unknown god.
   669 | D:1      | Gained mutation: You are afflicted with vampirism and can
                  | become a bat while bloodless. [Vampire growth]
   669 | D:1      | Reached XP level 3. HP: 26/26 MP: 3/3
   796 | D:2      | Noticed Sigmund
   994 | D:2      | Noticed Robin
  1456 | D:2      | Reached skill level 5 in Unarmed Combat
  1456 | D:2      | Reached XP level 4. HP: 29/32 MP: 4/4
  1860 | D:2      | Noticed Jessica
  1887 | D:1      | Killed Jessica
  1888 | D:1      | Reached XP level 5. HP: 37/37 MP: 5/5
  1993 | D:2      | Killed Robin
  2487 | D:3      | Reached skill level 5 in Shapeshifting
  3082 | D:4      | Noticed a phantom
  3267 | D:4      | Killed a phantom
  3268 | D:4      | Reached XP level 6. HP: 7/43 MP: 6/6
  4009 | D:4      | Found Qieziuno's Antique Weapon Boutique.
  4388 | D:5      | Entered Level 5 of the Dungeon
  4524 | D:5      | Reached XP level 7. HP: 48/48 MP: 7/7
  4547 | D:5      | Reached skill level 1 in Evocations
  4826 | D:5      | Reached XP level 8. HP: 57/57 MP: 8/8
  5023 | D:5      | Found a staircase to the Ecumenical Temple.
  5032 | Temple   | Entered the Ecumenical Temple
  5041 | Temple   | Became a worshipper of Gozag Ym Sagoz the Greedy
  5604 | D:6      | Found a blossoming altar of Fedhas.
  5677 | D:6      | Found a hazy altar of Hepliaklqana.
  5687 | D:6      | Reached skill level 5 in Dodging
  5963 | D:6      | Noticed an unseen horror
  5974 | D:6      | Killed an unseen horror
  6116 | D:6      | Reached XP level 9. HP: 53/65 MP: 9/9
  7065 | D:6      | Found a hazy altar of Hepliaklqana.
  7099 | D:6      | Found a blossoming altar of Fedhas.
  7582 | D:7      | Noticed Pikel
  7592 | D:7      | Killed Pikel
  7593 | D:7      | Reached skill level 5 in Fighting
  7889 | D:7      | Noticed Duvessa
  7909 | D:7      | Killed Duvessa
  7922 | D:7      | Noticed Dowan
  7931 | D:7      | Killed Dowan
  8703 | D:8      | Reached XP level 10. HP: 76/76 MP: 10/10
  8917 | D:8      | Noticed Gastronok
  8972 | D:8      | Killed Gastronok
  9682 | D:8      | Learned a level 3 spell: Call Canine Familiar
  9687 | D:8      | Learned a level 4 spell: Summon Blazeheart Golem
  9787 | D:9      | Reached skill level 1 in Summonings
  9793 | D:9      | Reached skill level 1 in Fire Magic
  9809 | D:10     | Entered Level 10 of the Dungeon
  9834 | D:10     | Reached skill level 1 in Spellcasting
  9846 | D:10     | Found a runed translucent door.
  9850 | D:10     | Noticed nitefall's ghost (novice MiBe)
  9865 | D:10     | Reached skill level 10 in Shapeshifting
 10837 | D:9      | Reached XP level 11. HP: 75/84 MP: 13/13
 11103 | D:9      | Noticed a two-headed ogre
 11111 | D:9      | Killed a two-headed ogre
 11538 | D:9      | Noticed a two-headed ogre
 11551 | D:9      | Noticed a two-headed ogre
 11555 | D:9      | Noticed a two-headed ogre
 11575 | D:9      | Killed a two-headed ogre
 11577 | D:9      | Killed a two-headed ogre
 11737 | D:9      | Killed a two-headed ogre
 12155 | D:9      | Found a staircase to the Orcish Mines.
 12941 | D:10     | Found a bloodstained altar of Trog.
 13076 | D:11     | Noticed a boulder beetle
 13086 | D:10     | Reached skill level 5 in Summonings
 13114 | D:11     | Noticed a boulder beetle
 13114 | D:11     | Found a staircase to the Lair.
 13162 | D:11     | Found a runed translucent door.
 13167 | D:11     | Noticed Erica
 13342 | D:11     | Killed Erica
 13343 | D:11     | Reached skill level 10 in Unarmed Combat
 13477 | D:11     | Killed a boulder beetle
 13563 | D:11     | Noticed kuniqs's ghost (journeyman OpSh)
 13845 | D:11     | Killed a boulder beetle
 13895 | D:11     | Reached XP level 12. HP: 85/92 MP: 16/16
 14140 | D:11     | Reached skill level 5 in Fire Magic
 14447 | D:11     | Identified the +6 longbow of Melee {heavy, Will+}
 14513 | D:11     | Found a shimmering altar of Xom.
 14514 | D:11     | Found a shimmering altar of Xom.
 14519 | D:11     | Found a shimmering altar of Xom.
 14522 | D:11     | Found a shimmering altar of Xom.
 14522 | D:11     | Found a shimmering altar of Xom.
 14522 | D:11     | Found a shimmering altar of Xom.
 14630 | D:11     | Killed kuniqs's ghost
 14776 | D:12     | Found Ikhlaesawi's Weapon Shoppe.
 14805 | D:12     | Noticed a centaur warrior
 14819 | D:12     | Killed a centaur warrior
 14934 | D:12     | Noticed a centaur warrior
 14947 | D:12     | Killed a centaur warrior
 15217 | D:12     | Found Luody's General Store.
 15259 | D:12     | Noticed a two-headed ogre
 15266 | D:12     | Killed a two-headed ogre
 15281 | D:12     | Noticed a two-headed ogre
 15297 | D:12     | Killed a two-headed ogre
 15320 | D:12     | Identified a scroll of acquirement
 15321 | D:12     | Acquired the +5 Storm Queen's Shield {shock, Fly rElec}
 15321 | D:12     | Found the +5 Storm Queen's Shield {shock, Fly rElec}
 15362 | D:12     | Learned a level 2 spell: Blink
 15484 | D:12     | Found Ymiur's General Store.
 15488 | D:12     | Bought a scroll of identify for 28 gold pieces
 15488 | D:12     | Bought a scroll of identify for 28 gold pieces
 15488 | D:12     | Bought a wand of paralysis (4) for 134 gold pieces
 15488 | D:12     | Bought a potion of heal wounds for 70 gold pieces
 15507 | D:12     | Found Nuxzair's Magic Scroll Emporium.
 15515 | D:12     | Bought a scroll of identify for 26 gold pieces
 15606 | D:12     | Found Gaiply's Book Shoppe.
 15889 | D:11     | Noticed a boulder beetle
 15889 | D:11     | Noticed a frost giant
 15889 | D:11     | Noticed an ettin
 15890 | D:11     | wat
 15924 | D:12     | Killed a boulder beetle
 16236 | D:11     | Killed an ettin
 16950 | D:11     | Gained mutation: You occasionally shout uncontrollably at
                  | your foes. [potion of mutation]
 16962 | D:11     | Killed a frost giant
 17104 | D:11     | Reached XP level 13. HP: 93/102 MP: 19/19
 17360 | D:2      | Killed Sigmund
 17546 | Lair:1   | Entered Level 1 of the Lair of Beasts
 17604 | Lair:1   | Found a dark tunnel.
 17609 | Volcano  | Entered a volcano
 17843 | Volcano  | Reached skill level 10 in Fighting
 18228 | Lair:1   | Noticed Joseph
 18239 | Lair:1   | Killed Joseph
 18808 | Lair:2   | Found a staircase to the Snake Pit.
 19604 | Lair:2   | Reached skill level 10 in Dodging
 20889 | Lair:3   | Found a staircase to the Shoals.
 21710 | Lair:4   | Reached XP level 14. HP: 108/110 MP: 20/20
 21883 | Lair:4   | Found a viscous altar of Jiyva.
 21884 | Lair:4   | Found a staircase to the Slime Pits.
 22591 | Lair:5   | Entered Level 5 of the Lair of Beasts
 22932 | Lair:5   | Reached skill level 5 in Spellcasting
 23921 | Lair:5   | Identified the +9 war axe "Dihi Xibb" {holy, rF+ Dex+3}
 24204 | D:10     | Killed nitefall's ghost
 24316 | Orc:1    | Entered Level 1 of the Orcish Mines
 24316 | Orc:1    | Noticed an orc warlord
 24349 | Orc:1    | Killed an orc warlord
 24741 | Orc:2    | Entered Level 2 of the Orcish Mines
 25046 | Orc:1    | Found Afuly's Armour Emporium.
 25086 | Orc:2    | Found a staircase to the Elven Halls.
 25159 | Orc:2    | Noticed an orc warlord
 25795 | Orc:2    | Killed an orc warlord
 25879 | Orc:2    | Reached skill level 5 in Evocations
 26120 | Orc:2    | Reached skill level 1 in Throwing
 26752 | Orc:2    | Reached XP level 15. HP: 70/118 MP: 13/22
 27585 | Orc:2    | Found Bar Podgh's General Store.
 27588 | Orc:2    | Found Ter Qodo's Antique Armour Boutique.
 27589 | Orc:2    | Found Uledym's Assorted Antiques.
 27590 | Orc:2    | Found Orrumn's Antique Armour Shop.
 27593 | Orc:2    | Bought a scroll of identify for 50 gold pieces
 27593 | Orc:2    | Bought a grey potion for 22 gold pieces
 27609 | Orc:2    | Found Ter Qodo's Antique Armour Boutique.
 27612 | Orc:2    | Found Orrumn's Antique Armour Shop.
 27613 | Orc:2    | Found Bar Podgh's General Store.
 27941 | Orc:2    | Found a staircase to the Elven Halls.
 27993 | Orc:2    | Reached skill level 15 in Shapeshifting
 28561 | D:13     | Found a gate to the Vaults.
 29808 | D:13     | Found a gate to the Vaults.
 29985 | D:14     | Identified the ring "Rimpuoh" {rF- rC+ Int+3}
 30193 | D:14     | Found a runed translucent gate.
 30247 | D:14     | Found a runed translucent gate.
 30249 | D:14     | Found a runed translucent gate.
 30249 | D:14     | Noticed Ybissid's ghost (adept DjCj)
 30254 | D:14     | Found an iron altar of Okawaru.
 31049 | D:15     | Entered Level 15 of the Dungeon
 31446 | D:15     | Reached skill level 1 in Shields
 32917 | D:15     | Reached skill level 5 in Throwing
 33097 | D:15     | Found a staircase to the Depths.
 33966 | Shoals:1 | Entered Level 1 of the Shoals
 34011 | Shoals:1 | Found a frozen archway.
 34116 | Shoals:1 | Found Zitzigiz's Antique Weapon Shop.
 34161 | IceCv    | Entered an ice cave
 34428 | IceCv    | Reached XP level 16. HP: 125/125 MP: 23/23
 35247 | IceCv    | Noticed an Ice Fiend
 35255 | IceCv    | Killed an Ice Fiend
 35259 | IceCv    | Identified the ring "Elott" {Ice Str+5 Int+4}
 35432 | Shoals:1 | Found Uneysti's Antique Weapon Shop.
 35598 | Shoals:1 | Reached skill level 5 in Shields
 35852 | Shoals:1 | Found Omuidya's Weapon Shoppe.
 35856 | Shoals:1 | Bought a throwing net for 54 gold pieces
 36147 | Shoals:1 | Found Rikor's Antique Armour Emporium.
 36270 | Shoals:1 | Found Meuhaus's General Store.
 36279 | Shoals:1 | Bought a scroll of vulnerability for 72 gold pieces
 36279 | Shoals:1 | Bought a scroll of teleportation for 54 gold pieces
 37158 | Shoals:2 | Noticed Frances
 37171 | Shoals:2 | Killed Frances
 37592 | Shoals:2 | Found Zeulas's Weapon Emporium.
 37652 | Shoals:2 | Identified the +4 spear of the Unspeakable One {flame, rN+}
 37845 | Shoals:2 | Noticed a kraken
 37853 | Shoals:2 | Killed a kraken
 38566 | Shoals:3 | Identified the +5 whip of a Thousand Wars {elec, +Blink
                  | rCorr Str-5 Dex+3}
 38756 | Shoals:3 | Noticed a kraken
 38764 | Shoals:3 | Killed a kraken
 38798 | Shoals:3 | Noticed a kraken
 38804 | Shoals:3 | Killed a kraken
 38805 | Shoals:3 | Reached XP level 17. HP: 123/133 MP: 17/24
 39158 | Shoals:4 | Entered Level 4 of the Shoals
 39306 | Shoals:4 | Identified the +7 hand axe of Defiance {drain, ^Drain rF+++
                  | Int-3 Stlth+}
 39940 | Shoals:4 | Identified the +1 cloak of Apathy {Str+3}
 40094 | Shoals:4 | Identified the +1 hand axe "Irghat" {antimagic, rPois rF+
                  | rN+ SInv}
 40236 | Shoals:4 | Learned a level 3 spell: Passwall
 40284 | Shoals:4 | Learned a level 5 spell: Irradiate
 40549 | Shoals:4 | Got a barnacled rune of Zot
 41171 | Shoals:4 | Learned a level 1 spell: Apportation
 41731 | Snake:1  | Entered Level 1 of the Snake Pit
 41762 | Snake:1  | Found Diaka's Assorted Antiques.
 41768 | Snake:1  | Bought a potion of cancellation for 288 gold pieces
 41768 | Snake:1  | Bought a potion of curing for 108 gold pieces
 41807 | Snake:1  | Found a shadowy altar of Dithmenos.
 41815 | Snake:1  | Noticed Louise
 41828 | Snake:1  | Killed Louise
 42051 | Snake:1  | You are sucked into a shaft and drop 1 floor!
 42062 | Snake:2  | Noticed Saint Roka
 42084 | Snake:2  | Killed Saint Roka
 42801 | Snake:1  | Found Qann's One-of-a-Kind Rings.
 42805 | Snake:1  | Bought a +8 ring of strength for 770 gold pieces
 43075 | Snake:2  | Reached XP level 18. HP: 142/142 MP: 25/25
 43204 | Snake:2  | Noticed Vashnia
 43237 | Snake:2  | Killed Vashnia
 43748 | Snake:3  | Acquired a manual of Conjurations
 44024 | Snake:3  | Reached skill level 1 in Alchemy
 44025 | Snake:3  | Reached skill level 1 in Conjurations
 44636 | Snake:4  | Entered Level 4 of the Snake Pit
 44638 | Snake:4  | Noticed Nikola
 44660 | Snake:4  | Killed Nikola
 44780 | Snake:4  | Learned a level 4 spell: Iskenderun's Mystic Blast
 45010 | Snake:4  | Found a runed translucent gate.
 45011 | Snake:4  | Found a runed translucent gate.
 45011 | Snake:4  | Found a runed translucent gate.
 45013 | Snake:4  | Noticed Paylapli's ghost (adept GrEE)
 45032 | Snake:4  | Killed Paylapli's ghost
 45093 | Snake:4  | Reached skill level 5 in Alchemy
 45160 | Snake:4  | Reached skill level 5 in Conjurations
 46266 | Snake:4  | Got a serpentine rune of Zot
 47398 | Shoals:1 | Bought a shiny helmet for 225 gold pieces
 47620 | Orc:2    | Bought a glowing helmet for 217 gold pieces
 47623 | Orc:2    | Bought a phial of floods for 1000 gold pieces
 47623 | Orc:2    | Bought a scroll of teleportation for 75 gold pieces
 47850 | Shoals:1 | Bought a box of beasts for 720 gold pieces
 48093 | Temple   | Fell from the grace of Gozag
 48093 | Temple   | Became a worshipper of Qazlal Stormbringer
 48290 | Elf:1    | Entered Level 1 of the Elven Halls
 48296 | Elf:1    | Reached XP level 19. HP: 146/148 MP: 27/27
 48732 | Elf:1    | Got the Spellbook of Phantasms
 48768 | Elf:1    | Reached * piety under Qazlal
 48798 | Elf:1    | You are sucked into a shaft and drop 1 floor!
 48798 | Elf:2    | Found a huge runed translucent gate.
 48798 | Elf:2    | Found a huge runed translucent gate.
 48798 | Elf:2    | Found a huge runed translucent gate.
 48798 | Elf:2    | Found a huge runed translucent gate.
 48798 | Elf:2    | Found a huge runed translucent gate.
 49204 | Elf:2    | Reached skill level 10 in Alchemy
 49555 | Elf:1    | Found a shimmering blue altar of Sif Muna.
 49820 | Elf:1    | Reached ** piety under Qazlal
 50075 | Elf:2    | Found Middoc's Weapon Boutique.
 50580 | Elf:2    | Reached skill level 10 in Conjurations
 51105 | Elf:3    | Entered Level 3 of the Elven Halls
 51136 | Elf:3    | Reached *** piety under Qazlal
 51137 | Elf:3    | Reached skill level 1 in Invocations
 51630 | Elf:3    | Identified the +5 battleaxe of Non Obstante Veredicto
                  | {speed, Str+6 Dex+3}
 51630 | Elf:3    | Identified the ring "Tozeutyu" {rC- Will+ AC+4 Slay+2 SInv}
 51748 | Orc:1    | Bought the +1 cloak of Temperance {*Slow rC+ rCorr Dex+8}
                  | for 523 gold pieces
 51909 | Elf:3    | Identified the +10 scale mail of the Fiend {*Slow rPois
                  | Int+4 Stlth+}
 51986 | Elf:3    | Noticed a Brimstone Fiend
 52020 | Elf:3    | Identified the +1 scale mail of Too Many Cooks {+Inv Fly
                  | rN++ Will-}
 52020 | Elf:3    | Identified the ring "Iclia" {Wiz rF+ rC+ Dex+3 Stlth+}
 52024 | Elf:3    | Reached **** piety under Qazlal
 52025 | Elf:3    | Reached skill level 10 in Shields
 52025 | Elf:3    | Reached XP level 20. HP: 135/156 MP: 19/30
 52301 | Elf:3    | Identified the +6 long sword "Mecunis" {heavy, rC- rN++
                  | Str+3 Stlth+}
 52301 | Elf:3    | Identified the amulet of Puxzoco {RegenMP *Slow Regen+
                  | Dex-3 SInv}
 52313 | Elf:3    | Identified the +6 spear "Trog's Vengeance" {pain, rC+
                  | Int+3}
 52943 | Elf:3    | Found the +7 Spriggan's Knife {stab, EV+4 Stlth+}
 52949 | Elf:3    | Got the Parchment of the Sphinx and Misery
 52960 | Elf:3    | Got Yttomu Xoasu's Discursus on Pneumatic Bombardment
 53094 | Elf:3    | Learned a level 5 spell: Yara's Violent Unravelling
 53391 | Vaults:1 | Entered Level 1 of the Vaults
 53459 | Vaults:1 | Found a magical portal.
 53468 | WizLab   | Entered Zonguldrok's Shrine
 53533 | WizLab   | Reached skill level 1 in Hexes
 53603 | WizLab   | Reached skill level 1 in Earth Magic
 53647 | WizLab   | Reached skill level 1 in Translocations
 53756 | WizLab   | Reached ***** piety under Qazlal
 53782 | WizLab   | Noticed an antique champion
 53782 | WizLab   | Noticed an antique champion
 53820 | WizLab   | Killed an antique champion
 53870 | WizLab   | Killed an antique champion
 54332 | Vaults:1 | Reached skill level 15 in Unarmed Combat
 54613 | Vaults:1 | Was forgiven by Gozag
 55093 | Vaults:1 | Found Qiest's Antique Armour Shop.
 55262 | Vaults:2 | Found a crumbling gateway.
 55275 | Desolati | Entered the Desolation of Salt
 55358 | Desolati | Reached skill level 5 in Hexes
 55361 | Desolati | Reached skill level 15 in Dodging
 55386 | Desolati | Reached XP level 21. HP: 104/163 MP: 31/31
 55480 | Desolati | Reached ****** piety under Qazlal
 55533 | Desolati | Identified the ring of Syvvuc {rPois rC+ rN+}
 55661 | Desolati | Identified the +6 shortbow of Urgency {drain, Will+ Str+4}
 55661 | Desolati | Identified the ring "Rohufoul" {Fly Str+3 SInv}
 55809 | Desolati | Got the Spellbook of Creative Confrontation
 55917 | Desolati | Got the Secrets of Necromantic Rites and Charms
 55923 | Desolati | Identified the staff "Qicloaw" {rPois rF+ Fire}
 55982 | Desolati | Identified the ring "Hibruecauff" {Fly Int+4}
 57019 | Vaults:3 | Noticed Margery
 57026 | Vaults:3 | Killed Margery
 57029 | Vaults:3 | Reached skill level 5 in Invocations
 57342 | Vaults:3 | Found a staircase to the Crypt.
 57414 | Vaults:3 | Identified the +8 arbalest of the Penguin {antimagic, rPois
                  | Str+6}
 58403 | D:12     | Bought a scroll of fog for 56 gold pieces
 58403 | D:12     | Bought a scroll of fog for 56 gold pieces
 58403 | D:12     | Bought a potion of curing for 42 gold pieces
 58403 | D:12     | Bought a potion of attraction for 42 gold pieces
 58638 | Vaults:4 | Reached skill level 5 in Earth Magic
 58874 | Vaults:4 | Learned a level 4 spell: Vhi's Electric Charge
 59028 | Vaults:4 | Found Omoxol's Armour Shoppe.
 59034 | Vaults:4 | Identified the +5 glaive of the Poles {vamp, Str+3}
 59072 | Vaults:4 | Reached skill level 1 in Air Magic
 59140 | Vaults:4 | Reached skill level 5 in Translocations
 59144 | Vaults:4 | Reached XP level 22. HP: 172/172 MP: 32/32
 59791 | Crypt:1  | Entered Level 1 of the Crypt
 59844 | Crypt:3  | Entered Level 3 of the Crypt
 59848 | Crypt:3  | Identified the orb of Ru, Ageing {light, rN+ Will+ Dex+2}
 59848 | Crypt:3  | Noticed Frederick
 59869 | Crypt:3  | Killed Frederick
 59982 | Crypt:3  | Found an ancient bone altar of Kikubaaqudgha.
 60101 | Crypt:3  | Noticed an ancient lich
 60108 | Crypt:3  | Killed an ancient lich
 60118 | Crypt:3  | Got an ivory gem with 1377 turns to spare
 60141 | Crypt:3  | Identified the +0 scale mail "Xijany" {rElec Will++ Int+4
                  | Dex-4}
 60212 | Crypt:2  | Reached skill level 10 in Evocations
 60399 | Crypt:3  | Identified the amulet of Xuvan {Regen+ Slay+2}
 60399 | Crypt:3  | Identified the ring "Sicockisi" {rN+ rCorr Str+6}
 60401 | Crypt:3  | Got Kikubaaqudgha's Elucidation of Open Graves
 60561 | Crypt:3  | Identified the staff of Ijessur {rPois rN+ Necro}
 60563 | Crypt:3  | Got the Folio of Productive Transfiguration
 60621 | Crypt:3  | Identified the +1 leather armour "Edwup" {*Slow rCorr Int+7
                  | Dex+3}
 60719 | Crypt:3  | Reached skill level 5 in Air Magic
 60822 | Crypt:3  | Found a staircase to the Tomb.
 61184 | Depths:1 | Entered Level 1 of the Depths
 61321 | Depths:1 | Found a one-way gate to the infinite horrors of the Abyss.
 61368 | Depths:1 | Found a one-way gateway to a ziggurat.
 61410 | Depths:1 | You are sucked into a shaft and drop 1 floor!
 61481 | Depths:2 | Reached XP level 23. HP: 178/178 MP: 33/33
 61483 | Depths:2 | Noticed a juggernaut
 61489 | Depths:2 | Killed a juggernaut
 61549 | Depths:3 | Found a gateway to Hell.
 61594 | Depths:3 | Noticed Boris
 61606 | Depths:3 | Killed Boris
 61646 | Depths:3 | Found a flickering gateway to a bazaar.
 61655 | Bazaar   | Entered a bazaar
 61657 | Bazaar   | Found Kaffy's Weapon Boutique.
 61680 | Bazaar   | Found Kurat's General Store.
 61685 | Bazaar   | Bought a scroll of fear for 48 gold pieces
 61685 | Bazaar   | Bought a wand of iceblast (4) for 115 gold pieces
 61696 | Bazaar   | Found Tuceso's General Store.
 61705 | Bazaar   | Bought a potion of heal wounds for 75 gold pieces
 61705 | Bazaar   | Bought a potion of attraction for 45 gold pieces
 61705 | Bazaar   | Bought 5 datura-tipped darts for 67 gold pieces
 61705 | Bazaar   | Bought 2 potions of heal wounds for 150 gold pieces
 61715 | Bazaar   | Found Loex Zae's Weapon Shoppe.
 61803 | Depths:4 | Entered Level 4 of the Depths
 61862 | Depths:4 | Found a broken altar of Ashenzari.
 61998 | Depths:4 | Found a gate to the Realm of Zot.
 62006 | Depths:4 | Got a midnight gem with 2023 turns to spare
 62044 | Depths:4 | Found Akliuts's Jewellery Emporium.
 62561 | Depths:4 | Identified the +10 battleaxe of the Bouncing Quests {holy,
                  | Str+2}
 62564 | Depths:4 | Found a hide-covered altar of Uskayaw.
 62912 | Depths:3 | Noticed a caustic shrike
 62925 | Depths:3 | Killed a caustic shrike
 62938 | Depths:3 | Noticed a caustic shrike
 62946 | Depths:3 | Killed a caustic shrike
 62986 | Depths:3 | Noticed a caustic shrike
 62990 | Depths:3 | Killed a caustic shrike
 63065 | Depths:3 | Identified the amulet of Butt {Acrobat Will- rCorr Dex+3}
 63249 | Depths:3 | Reached XP level 24. HP: 185/185 MP: 33/33
 63350 | Depths:3 | Acquired 596 gold pieces
 63367 | Depths:3 | Reached skill level 10 in Invocations
 63389 | Depths:3 | Identified the +0 scale mail "Codwag" {rElec Str+2 Dex-5
                  | SInv}
 63408 | Depths:3 | Lost the midnight gem through the power of Zot.Gained a
                  | life (12 lives remaining)
 63587 | Depths:3 | Noticed a juggernaut
 63600 | Depths:3 | Killed a juggernaut
 64057 | Depths:1 | Learned a level 5 spell: Lee's Rapid Deconstruction
 64338 | Depths:2 | Found a one-way gate leading to the halls of Pandemonium.
 64572 | Depths:2 | Found a sacrificial altar of Ru.
 64573 | Depths:2 | Found a burning altar of Makhleb.
 64573 | Depths:2 | Found a sparkling altar of Nemelex Xobeh.
 64655 | Depths:2 | Reached skill level 10 in Earth Magic
 64843 | Depths:2 | Identified the +6 spear "Rabrapp" {vamp, rPois Will++ Str+3
                  | Stlth-}
 65089 | Depths:2 | Identified the +3 ring mail of Birdsong {rF+ Dex+3}
 65141 | Depths:2 | Identified the ring "Rekhufaph" {Ice rCorr}
 65141 | Depths:2 | Noticed Josephina
 65156 | Depths:2 | Killed Josephina
 65583 | Vaults:5 | Entered Level 5 of the Vaults
 65589 | Vaults:5 | Noticed a dread lich
 65713 | Vaults:5 | Identified the +0 leather armour of Jettuf {rElec Str+2}
 65720 | Vaults:5 | Killed a dread lich
 65793 | Vaults:5 | Reached XP level 25. HP: 191/191 MP: 33/33
 65888 | Vaults:5 | Identified the +8 mace "Vampire's Curse" {pain, Will+ Int+5
                  | Stlth+}
 66050 | Vaults:5 | Identified the +1 robe of Rohiq {Regen+ Dex+4}
 66089 | Vaults:5 | Identified the +4 scimitar of Kynod {flame, rPois Str+2
                  | Int+4}
 66089 | Vaults:5 | Identified the +1 troll leather armour "Laigo" {rN+ Regen+}
 66116 | Vaults:5 | Reached skill level 15 in Shields
 66195 | Vaults:5 | Reached skill level 15 in Invocations
 66467 | Vaults:5 | Found Ucat Jure's Distillery.
 66472 | Vaults:5 | Bought a potion of curing for 54 gold pieces
 66472 | Vaults:5 | Bought a potion of attraction for 54 gold pieces
 66472 | Vaults:5 | Bought a potion of brilliance for 72 gold pieces
 66472 | Vaults:5 | Bought a potion of cancellation for 144 gold pieces
 66472 | Vaults:5 | Bought a potion of brilliance for 72 gold pieces
 66472 | Vaults:5 | Bought a potion of brilliance for 72 gold pieces
 66472 | Vaults:5 | Bought a potion of curing for 54 gold pieces
 66472 | Vaults:5 | Bought a potion of attraction for 54 gold pieces
 66543 | Vaults:5 | Got a silver rune of Zot
 66713 | Vaults:5 | Found Vosiagit's Distillery.
 66718 | Vaults:5 | Bought a potion of enlightenment for 60 gold pieces
 66718 | Vaults:5 | Bought a potion of enlightenment for 60 gold pieces
 66718 | Vaults:5 | Bought a potion of curing for 36 gold pieces
 66718 | Vaults:5 | Bought a potion of curing for 36 gold pieces
 66718 | Vaults:5 | Bought a potion of resistance for 120 gold pieces
 66718 | Vaults:5 | Bought 2 potions of curing for 72 gold pieces
 67225 | D:12     | Bought a scroll of butterflies for 52 gold pieces
 67225 | D:12     | Bought a scroll of blinking for 97 gold pieces
 67225 | D:12     | Bought a scroll of revelation for 97 gold pieces
 67396 | Orc:2    | Bought a scroll of vulnerability for 60 gold pieces
 67396 | Orc:2    | Bought a wand of iceblast (3) for 108 gold pieces
 67396 | Orc:2    | Bought a scroll of vulnerability for 60 gold pieces
 67582 | Snake:1  | Bought a wand of digging (3) for 453 gold pieces
 67582 | Snake:1  | Bought a large emerald amulet for 180 gold pieces
 67867 | Zot:1    | Entered Level 1 of the Realm of Zot
 67871 | Zot:1    | Noticed Grunn
 68019 | Zot:1    | Killed Grunn
 68201 | Zot:1    | Found a transporter.
 68204 | Zot:1    | Noticed Adaxemni's ghost (legendary GrFi)
 68205 | Zot:1    | Identified the +2 cloak "Xaung" {rElec rC- Will++ rCorr}
 68261 | Zot:1    | Identified the +0 cloak of Defence {SInv}
 68306 | Zot:1    | Found a bloodstained altar of Trog.
 68314 | Zot:1    | Found a transporter.
 69084 | Zot:1    | Noticed Vv
 69125 | Zot:1    | Killed Vv
 69126 | Zot:1    | Reached XP level 26. HP: 198/198 MP: 36/36
 69625 | Zot:1    | Killed Adaxemni's ghost
 69658 | Zot:1    | Identified the +0 helmet "Nyabuod" {rC+ Int+2}
 69874 | Zot:2    | Paralysed by a Zot trap for 4 turns
 70976 | Zot:3    | Noticed a dread lich
 71015 | Zot:3    | Killed a dread lich
 71016 | Zot:3    | Noticed a dread lich
 71019 | Zot:3    | Killed a dread lich
 71020 | Zot:3    | Noticed a dread lich
 71027 | Zot:3    | Killed a dread lich
 71035 | Zot:3    | Noticed a dread lich
 71047 | Zot:3    | Killed a dread lich
 71277 | Zot:3    | You are sucked into a shaft and drop 1 floor!
 71342 | Zot:4    | Reached XP level 27. HP: 206/206 MP: 37/37
 71411 | Zot:4    | Reached skill level 15 in Fighting
 71582 | Zot:3    | Found a transporter.
 71584 | Zot:3    | Found a transporter.
 71586 | Zot:3    | Noticed an orb of fire
 71612 | Zot:3    | Noticed Uqizxu's ghost (master OnFi)
 71619 | Zot:3    | Noticed Qebu's ghost (legendary GrFi)
 71674 | Zot:3    | Found the +3 robe of Clouds {*Thunder rCloud rElec}
 72591 | Zot:4    | Identified the +10 scimitar of Pride {drain, Fly rF+}
 72710 | Zot:4    | Identified the +1 pair of boots "Ymouma" {rF- Str+3 Dex+4}
 72820 | Zot:5    | Entered Level 5 of the Realm of Zot
 73458 | Zot:5    | Noticed an orb of fire
 73489 | Zot:5    | Gained mutation: Your spells are a little easier to cast,
                  | but a little less powerful. [an orb of fire]
 73489 | Zot:5    | Noticed an orb of fire
 73493 | Zot:4    | Gained mutation: Armour fits poorly on your strangely
                  | shaped body. [an orb of fire]
 73506 | Zot:4    | Killed an orb of fire
 73561 | Zot:5    | Killed an orb of fire
 73566 | Zot:5    | Noticed an orb of fire
 73575 | Zot:5    | Killed an orb of fire
 73765 | Zot:5    | Noticed a dread lich
 73779 | Zot:5    | Killed a dread lich
 73866 | Zot:5    | Reached skill level 15 in Evocations
 74284 | Zot:5    | Noticed a dread lich
 74291 | Zot:5    | Killed a dread lich
 74769 | Zot:5    | Lost mutation: You occasionally shout uncontrollably at
                  | your foes. [potion of mutation]
 74769 | Zot:5    | Lost mutation: Armour fits poorly on your strangely shaped
                  | body. [potion of mutation]
 74769 | Zot:5    | Gained mutation: You have sharp fingernails. [potion of
                  | mutation]
 74769 | Zot:5    | Gained mutation: Your system is resistant to poisons.
                  | (rPois) [potion of mutation]
 74769 | Zot:5    | Gained mutation: You are strong-willed. (Will+) [potion of
                  | mutation]
 74771 | Zot:5    | Got the Orb of Zot
 75085 | D:15     | Noticed Bazeqaw the pandemonium lord
 75098 | D:15     | Killed Bazeqaw the pandemonium lord
 75156 | D:15     | Gained mutation: You are clumsy. (Dex -2) [a neqoxec]
 75210 | D:12     | Noticed Gopruoj the pandemonium lord
 75212 | D:12     | Noticed Sotwupn the pandemonium lord
 75306 | D:8      | Gained mutation: You occasionally lose the ability to drink
                  | potions when taking damage. [a cacodemon]
 75368 | D:4      | Noticed Kytril the pandemonium lord
 75504 | D:$      | Escaped with the Orb!

Illustrated notes

##.....##......#
#.......#......#...z.o.c
#.......#......#......BC
......P........#........ ###
...............#...T..c. #..
....>..........#.......C #.⌠
...............#........ #..
...............#..T..... #.)
#....P..#......#p##############)#
#.......#......#..P.P.P[P#.......
##.....##.....##.........#.......
###...###......#.........#.......
...............#.P.P.P.P.'.......
.......#.......##################
...##.##.....###....##.........##
....#.###...## ##....#.......#..#
##....###..## ##.............#...


Turn 15890 on D:11: wat

Levels and vault maps discovered:
D:1:      wheals_arrival_shading, layout_rooms, basic_ecumenical_altar,
          minivault_11, minmay_ruptured
D:2:      cheibrodos_pilgrimage, layout_basic, kennysheep_doodads, uniq_sigmund,
          uniq_robin, uniq_jessica
D:3:      layout_rooms, minmay_crystal_water, kennysheep_decorative_pillar
D:4:      layout_cave_pools, serial_shops, nicolae_shop_rolling_square,
          kennysheep_generic_room_10
D:5:      layout_loops_ring, minmay_temple_entry_proselytizer
D:6:      minmay_opposing_rooms, layout_rooms,
          mainiacjoe_overflow_catch_the_wave, nicolae_zen_rock_garden
D:7:      layout_basic, uniq_pikel, uniq_duvessa
D:8:      nicolae_cairo_tiling_large_dashed, layout_cave_pods, uniq_gastronok
D:9:      minmay_four_partial_circles, layout_irregular_city, hiddenorc1_lemuel
D:10:     layout_cave_pools, tgw_trog, hellmonk_ghost_big_iron
D:11:     minmay_klotski, layout_cave_pools, erik_lair_orcish_takeover,
          gammafunk_ghost_grave, small_chamber_with_monster, xom_shifter_show,
          uniq_erica
D:12:     layout_roguey, serial_shops, shop, nicolae_shop_bloodbath_and_beyond,
          shop, shop, shop
D:13:     layout_small_grid, david_vaults_5, eino_house_with_fridge
D:14:     layout_basic, gammafunk_ghost_fury_of_okawaru
D:15:     gammafunk_enter_depths_forms, layout_basic, minmay_rotating_lava
Temple:   nicolae_temple_bog_church
Lair:1:   layout_concentric_octagons, enter_volcano_4, uniq_joseph
Lair:2:   layout_gridlike, nicolae_snake_entry_warm_welcome
Lair:3:   layout_hall_layers, minmay_shoals_entry_centaurs, beast_lair_carwin_8,
          serial_bayou_shore_a
Lair:4:   layout_roguey, minmay_slime_entry_oklob_open, serial_bayou_lagoon_a,
          st_stairs_4, lemuel_fruit_fields
Lair:5:   grunt_lair_end_beastmaster, layout_hall_layers, disabler_island,
          lemuel_fruit_tree
Shoals:1: layout_shoals, portal_ice_cave_entry_pillars_three, serial_shops,
          nicolae_shop_statue_plus, nicolae_shop_dealshenge, nicolae_shop_stone,
          nicolae_shop_rolling_square, nicolae_shop_gibbet_a_chance,
          nicolae_shoals_circle_sea_wall, hangedman_shoals_cup_caves
Shoals:2: layout_shoals, nicolae_shoals_c_island, uniq_frances
Shoals:3: layout_shoals, nicolae_shoals_the_drawing_of_the_three
Shoals:4: shoals_end_hangedman, layout_shoals
Snake:1:  layout_basic, basic_altar, serial_shops, nicolae_shop_rolling_square,
          nicolae_shop_unique_rings, uniq_louise
Snake:2:  layout_grid_maze, uniq_vashnia, uniq_saint_roka
Snake:3:  layout_onion_interference
Snake:4:  snake_pit_salamanders_mu, layout_cave_town, ebering_ghost_rock_garden,
          nicolae_triple_integral, uniq_nikola
Orc:1:    layout_caves, serial_shops, shop
Orc:2:    st_orc_pillars, layout_caves
Elf:1:    minmay_elf_arrival_circle, layout_onion_city, basic_altar,
          minmay_elf_demonology
Elf:2:    elven_hall_of_blades_hangedman_alternative
          [nicolae_blade_entry_crossed_weapons], layout_geoelf_grid,
          serial_shops, shop
Elf:3:    minmay_elf_hall_quartered_circle, layout_onion_city,
          nicolae_elf_vaults_five_recruitment_drive
Vaults:1: mu_enter_wizlab_4, nicolae_vaults_shelves_hall,
          hangedman_vaults_slice, nicolae_vaults_enemy_cabinets,
          hangedman_vaults_restitches, nicolae_vaults_tetromino_Z_2,
          nicolae_vaults_house_1, layout_vaults_omnigrid, serial_shops, shop
Vaults:2: portal_desolation_entry_twin_temple, vaults_room_door_hall,
          nicolae_vaults_closet_pinwheel_3, v_misc_3, hangedman_vaults_unwind,
          nicolae_vaults_angled_halls, hangedman_vaults_capsules,
          ontoclasm_vaults_hangar, v_alt_pattern_6, nicolae_vaults_trapezoid_2,
          nicolae_vaults_hexular_roomagon, ontoclasm_vaults_pinch,
          nicolae_vaults_shelves_hall, nicolae_vaults_double_plus_3,
          nicolae_vaults_diamond_1, layout_vaults_ring
Vaults:3: minmay_crypt_entry_simple_corners, nicolae_vaults_yaktaur_gun_rack,
          grunt_vaults_trifunnel, nicolae_vaults_spaceships, v_misc_9,
          vaults_mumra_hexcomb, vaults_dpeg_ring,
          nicolae_vaults_trapezoid_lopsided_3, grunt_vaults_diagonal,
          nicolae_vaults_trapezoid_lopsided_1, layout_vaults_omnicross,
          uniq_margery
Vaults:4: hangedman_vaults_pinch, nicolae_vaults_storage_closets_2,
          nicolae_vaults_cornered_office, nicolae_vaults_network_periphery,
          hangedman_vaults_stagger, ontoclasm_vaults_fire_temple,
          nicolae_vaults_closet_pinwheel_2, nicolae_vaults_hexular_roomagon,
          nicolae_vaults_trapezoid_4, nicolae_vaults_little_squares_4,
          nicolae_vaults_theta, layout_vaults_maze_bifur, serial_shops,
          nicolae_shop_mannequins
Vaults:5
Crypt:1:  layout_chaotic_city
Crypt:2:  layout_rooms, serial_sigils, serial_sigils_hangedman_gnaw,
          serial_sigils_hangedman_gut, serial_sigils_hangedman_stare,
          serial_sigils_hangedman_carve, serial_sigils_hangedman_confine,
          serial_sigils_hangedman_snap, nicolae_crypt_niches
Crypt:3:  evilmike_haunted_forest, uniq_frederick
Depths:1: layout_cave_pools, enter_ziggurat_c, fedhas_altar_1, hell_entry,
          hangedman_abyss_entry_splay, serial_shops,
          nicolae_shop_real_fake_doors, kennysheep_minor_cross,
          nicolae_concentric_dashed_squares_mild, zin_academy
Depths:2: hangedman_slaughterboxes, hell_entry, pan_entry, uniq_josephina
Depths:3: minmay_octagon_city, layout_long_grid, minmay_misc_feat_square,
          hell_entry, abyss_entry, serial_shops, bzr_in_the_mist,
          kennysheep_generic_room_7, minmay_staircase_bubble, uniq_boris
Depths:4: grunt_crosshair, layout_basic, nicolae_ashenzari_panopticon,
          hellmouth_1, serial_shops, shop, eat_drink_and_be_merry_uskayaw
Zot:1:    regret_index_zot_pan_timeshare, layout_basic,
          gammafunk_ghost_wrathful_warriors, uniq_vv, uniq_grunn
Zot:2:    lemuel_halls_of_wrath, layout_cathedral_of_symmetry, lemuel_elevator
Zot:3:    hellmonk_paralyzer, layout_misc_corridors, nzn_ghost_randoct
Zot:4:    layout_misc_corridors, regret_index_zotdec_obsidian_hm,
          st_large_dragon_hoard_4
Zot:5:    layout_basic

Skill      XL: |  1  2  3  4  5  6  7  8  9 10 11 12 13 14 15 16 17 18 19 20 21 22 23 24 25 26 27 |
---------------+----------------------------------------------------------------------------------+-----
Stealth        | 2 3 |  3.0
Fighting       | 1 2 4 5 7 9 10 11 12 13 14 16 | 16.6
Unarmed Combat | 4 5 6 8 9 10 11 12 13 14 15 16 17 18 20 | 20.0
Shapeshifting  | 4 6 7 8 9 10 12 14 16 17 18 19 20 | 20.0
Dodging        | 3 4 6 7 8 10 11 12 13 14 15 16 20 | 20.0
Evocations     | 2 5 6 7 8 9 10 11 12 13 15 | 15.0
Summonings     | 3 5 7 |  7.0
Fire Magic     | 2 4 6 7 |  7.0
Spellcasting   | 1 3 4 5 7 |  7.0
Throwing       | 1 5 6 |  6.0
Shields        | 4 7 9 10 11 12 13 14 15 | 15.0
Alchemy        | 8 12 | 12.0
Conjurations   | 8 10 | 10.0
Invocations    | 2 4 5 7 9 13 18 20 | 20.1
Hexes          | 5 7 |  7.0
Earth Magic    | 3 5 7 10 | 10.0
Translocations | 2 5 7 |  7.0
Air Magic      | 1 6 9 |  9.0

Action                     |  1- 3 |  4- 6 |  7- 9 | 10-12 | 13-15 | 16-18 | 19-21 | 22-24 | 25-27 || total
---------------------------+-------+-------+-------+-------+-------+-------+-------+-------+-------++-------
  Melee: Unarmed           |   117 |   197 |   376 |   686 |  1572 |  1096 |  1033 |  1397 |  1677 ||  8151
         Bite              |     4 |    15 |    48 |   116 |   297 |   150 |   195 |   268 |   352 ||  1445
         Punch             |     4 |       |       |     1 |    63 |       |       |       |       ||    68
         Maw               |       |       |       |       |   335 |    80 |       |       |       ||   415
  Throw: Stone             |     4 |     9 |       |       |       |       |       |       |       ||    13
         Boomerang         |       |       |       |       |   321 |   140 |    24 |       |       ||   485
         Dart              |       |       |       |       |     4 |     5 |       |       |       ||     9
         Throwing net      |       |       |       |       |       |     1 |       |       |       ||     1
   Cast: Call Canine Famil |       |       |       |    18 |    14 |       |       |       |       ||    32
         Summon Blazeheart |       |       |       |     1 |    11 |       |       |       |       ||    12
         Irradiate         |       |       |       |       |       |       |    29 |     2 |    16 ||    47
         Passwall          |       |       |       |       |       |       |     1 |     3 |       ||     4
         Yara's Violent Un |       |       |       |       |       |       |     1 |     1 |       ||     2
         Apportation       |       |       |       |       |       |       |       |     7 |       ||     7
         Blink             |       |       |       |       |       |       |       |     2 |       ||     2
         Vhi's Electric Ch |       |       |       |       |       |       |       |     2 |    34 ||    36
         Lee's Rapid Decon |       |       |       |       |       |       |       |    14 |       ||    14
 Invoke: Potion Petition   |       |       |       |     3 |     3 |     9 |       |       |       ||    15
         Disaster Area     |       |       |       |       |       |       |       |     2 |     3 ||     5
         Elemental Force   |       |       |       |       |       |       |       |     5 |    10 ||    15
Ability: Begin Untransform |     2 |     2 |       |       |       |     2 |     1 |       |       ||     7
  Evoke: Wand              |       |       |       |    16 |    46 |    32 |     2 |       |     4 ||   100
         Phantom mirror    |       |       |       |       |     2 |     4 |     1 |       |     1 ||     8
         Condenser vane    |       |       |       |       |       |     3 |     4 |     3 |     5 ||    15
         Phial of floods   |       |       |       |       |       |       |     2 |       |       ||     2
         Box of beasts     |       |       |       |       |       |       |     3 |       |       ||     3
         Lightning rod     |       |       |       |       |       |       |       |       |    13 ||    13
    Use: Scroll            |       |     8 |     5 |    16 |    12 |    14 |     9 |     8 |    14 ||    86
         Potion            |       |       |     1 |     4 |     8 |     2 |     5 |     1 |    10 ||    31
   Stab: Sleeping          |     3 |       |     1 |       |     4 |     5 |       |       |       ||    13
         Distracted        |       |       |     2 |     5 |    12 |     9 |     5 |     4 |     1 ||    38
         Invisible         |       |       |       |     6 |     7 |     1 |       |       |       ||    14
         Paralysed         |       |       |       |       |    12 |     4 |       |     6 |     2 ||    24
         Held in net/web   |       |       |       |       |       |     1 |       |       |       ||     1
         Confused          |       |       |       |       |       |       |     1 |       |       ||     1
 Armour: Animal skin       |    42 |    21 |       |       |       |       |       |       |       ||    63
         Ring mail         |       |    14 |       |       |       |       |       |       |       ||    14
         Skin              |       |    27 |    89 |   239 |   595 |   656 |   486 |   737 |  1005 ||  3834
  Dodge: Dodged            |    43 |   104 |   259 |   537 |  1244 |   767 |   678 |  1102 |  1364 ||  6098
         Repelled          |       |       |       |       |       |       |    15 |    31 |    70 ||   116
  Block: Buckler           |       |       |       |       |    39 |    67 |       |       |       ||   106
         Kite shield       |       |       |       |       |       |  1194 |  1648 |  2162 |  2445 ||  7449
         Reflection        |       |       |       |       |       |   125 |   140 |     2 |       ||   267
   Form: Beast             |     2 |     2 |       |       |       |       |       |       |       ||     4
         Flux              |       |     1 |       |       |     1 |       |       |       |       ||     2
         Maw               |       |       |       |       |     2 |     1 |       |       |       ||     3
         Statue            |       |       |       |       |       |     2 |     1 |       |       ||     3

Table legend: (Time is in decaauts)
 A = Elapsed time spent in this place.
 B = Non-inter-level travel time spent in this place.
 C = Inter-level travel time spent in this place.
 D = Time resting spent in this place.
 E = Time spent auto-exploring this place.
 F = Levels seen in this place.
 G = Mean time per level.
                   A        B        C        D        E       F      G
               +--------+--------+--------+--------+--------+-----+--------+
         Total |  93036 |  82049 |  10987 |   9275 |  45998 |  56 | 1661.4 |
       Dungeon |  26407 |  21968 |   4439 |   4127 |  11761 |  15 | 1760.5 |
        Temple |     50 |     11 |     39 |      0 |      0 |   1 |   50.0 |
          Lair |   7551 |   6066 |   1485 |    216 |   3895 |   5 | 1510.2 |
        Shoals |   8493 |   8132 |    361 |   1372 |   4334 |   4 | 2123.2 |
     Snake Pit |   8277 |   7774 |    503 |     40 |   5924 |   4 | 2069.2 |
  Orcish Mines |   4758 |   4097 |    661 |    603 |   2348 |   2 | 2379.0 |
   Elven Halls |   6833 |   6505 |    328 |   1313 |   3173 |   3 | 2277.7 |
        Vaults |   9657 |   8294 |   1363 |     94 |   5653 |   5 | 1931.4 |
         Crypt |   1651 |   1650 |      1 |      0 |    449 |   3 |  550.3 |
        Depths |   6647 |   5732 |    915 |     49 |   2973 |   4 | 1661.8 |
           Zot |   9012 |   8122 |    890 |    607 |   4326 |   5 | 1802.4 |
        Bazaar |    149 |    149 |      0 |      0 |    114 |   1 |  149.0 |
      Ice Cave |   1233 |   1233 |      0 |    561 |    299 |   1 | 1233.0 |
       Volcano |    308 |    308 |      0 |     54 |    127 |   1 |  308.0 |
        Wizlab |    902 |    902 |      0 |    147 |    215 |   1 |  902.0 |
    Desolation |   1100 |   1100 |      0 |     85 |    402 |   1 | 1100.0 |
               +--------+--------+--------+--------+--------+-----+--------+

Top non-repeatable levels by time:
   Orc:2: 3816 daAuts
 Snake:4: 3712 daAuts
    D:15: 3090 daAuts
Shoals:4: 3063 daAuts
     D:9: 3028 daAuts
    D:11: 2852 daAuts
   Elf:3: 2767 daAuts
   Zot:5: 2715 daAuts
   Elf:2: 2458 daAuts
Shoals:1: 2312 daAuts
Depths:3: 2138 daAuts
    D:13: 2128 daAuts
Vaults:1: 2069 daAuts
  Lair:2: 2035 daAuts
Vaults:5: 2027 daAuts
